 Dungeon Crawl Stone Soup version bcrawl-1.19.1 (webtiles) character file.

Game seed: 14523165722985988358

24 Morbidden the Sneak (level 3, 28/28 HPs)
             Began as a Hill Orc Archaeologist on Nov 25, 2019.
             Quit the game on level 1 of the Dungeon.
             The game lasted 00:01:57 (1017 turns).

Morbidden the Sneak (Hill Orc Archaeologist)        Turns: 1017, Time: 00:01:57

Health: 28/28      AC: 11    Str: 14    XL:     3   Next: 2%
Magic:  3/3        EV:  9    Int: 14    God:
Gold:   56         SH:  5    Dex:  9    Spells: 2/2 levels left

rFire    + . .     SeeInvis .   a - +0 whip
rCold    . . .     Gourm    .   k - +2 buckler
rNeg     . . .     Faith    .   l - +2 scale mail {rF+}
rPois    .         Spirit   .   c - +1 hat
rElec    .         Reflect  .   (no cloak)
rCorr    .         Harm     .   (no gloves)
MR       .....                  d - +1 pair of boots
Stlth    +.........             (no amulet)
HPRegen  0.09/turn              (no ring)
MPRegen  0.08/turn              (no ring)

@: studying Bows
A: no striking features
a: no special abilities


You were on level 1 of the Dungeon.
You were hungry.

You visited 1 branch of the dungeon, and saw 1 of its levels.

You collected 56 gold pieces.

Inventory:

Hand Weapons
 a - a +0 whip (weapon)
Missiles
 q - 160 stones (quivered)
Armour
 c - a +1 hat (worn)
 d - a +1 pair of boots (worn)
 k - a +2 buckler (worn)
 l - a +2 scale mail of fire resistance (worn)
Scrolls
 h - a scroll of enchant armour {unknown}
 i - a scroll of immolation {unknown}
 m - a scroll of magic mapping {unknown}
 n - a scroll of remove curse {unknown}
 o - a scroll of teleportation {unknown}
 p - a scroll of identify {unknown}
Potions
 j - a potion of curing {unknown}
Books
 e - a manual of Bows
Miscellaneous
 f - an ancient crate
Comestibles
 g - 3 rations {!d}


   Skills:
 * Level 1.1 Fighting
   Level 1.1 Short Blades
   Level 1.1 Long Blades
   Level 1.1 Axes
   Level 1.1 Maces & Flails
   Level 1.1 Polearms
   Level 1.1 Staves
 + Level 3.0 Dodging
 + Level 3.0 Stealth
 + Level 0.1 Shields
   Level 1.1 Unarmed Combat


You had 2 spell levels left.
You didn't know any spells.
Your spell library was empty.

Dungeon Overview and Level Annotations

Branches:
Dungeon (1/12)

Altars:


Message History

You open the door.
There is an open door here.
You open the door.
You are feeling hungry.
No target in view!
No target in view!
No target in view!
No target in view!
No target in view!
You open the door.
A hobgoblin comes into view. It is wielding a +0 club.
The hobgoblin shouts!
You hit the hobgoblin.
You kill the hobgoblin!
You have reached level 3!
Your experience leads to an increase in your attributes!
Increase (S)trength, (I)ntelligence, or (D)exterity?
You feel stronger.
You have an epiphany!
The dusty tome is a manual of Bows!
Reading it may be key to unlocking the crate...
Are you sure you want to abandon this character and quit the game? (Confirm with "yes".)

###.##.......#...#..#...#.......
#...######.###...#..#...#.......
#))....#...# #.<.'..+...#.......
##....รท...###
#...#..#...#....... ........###
#...####...#....... ........#
#####+######'##....#.. ........#
#.....##..##......#### #.......#
#..................#
##.##...####....@##..##.......#
..............##)######'##....#
##..###.####..#...####[..#....#
##......###..#...#..#...#....#
####....#####...#..'.>.#...##
###..# #...#..#...#..## ####
#...#..#...#### #####..#####.###
#.## #...###


There were no monsters in sight!

Vanquished Creatures
  3 leopard geckos (D:1)
  3 giant cockroaches (D:1)
  4 goblins (D:1)
  3 hobgoblins (D:1)
  4 bats (D:1)
  2 rats (D:1)
19 creatures vanquished.

Notes
Turn   | Place    | Note
-------+----------+-------------------------------------------
     0 | D:1      | Morbidden the Hill Orc Archaeologist began the quest for
                  | the Orb.
     0 | D:1      | Reached XP level 1. HP: 15/15 MP: 1/1
   348 | D:1      | Reached XP level 2. HP: 19/22 MP: 2/2
   596 | D:1      | Reached skill level 1 in Fighting
  1016 | D:1      | Reached XP level 3. HP: 28/28 MP: 3/3
  1017 | D:1      | Quit the game

Skill      XL: |  1  2 |
---------------+-------+-----
Fighting       | 1 |  1.1
Dodging        | 3 |  3.0
Stealth        | 3 |  3.0
Short Blades   | |  1.1
Long Blades    | |  1.1
Axes           | |  1.1
Maces & Flails | |  1.1
Polearms       | |  1.1
Staves         | |  1.1
Shields        | |  0.1
Unarmed Combat | |  1.1

Action                   || total
-------------------------++-------
Melee: Whip              ||   117
Throw: Stone             ||     8
Armor: Scale mail        ||    36
Dodge: Dodged            ||    53
Block: Buckler           ||    25
